APP
PHILADELPHIA (APP) PHILLIES @ CHICAGO (APP) CUBS
08/01/2045
 
TOP OF THE 1ST
Philadelphia (APP) Phillies batting - Pitching for Chicago (APP) Cubs : RHP Anastagio Fasola
Pitching: RHP Anastagio Fasola
Batting: LHB Jonathan Roman 0-0: Bunt missed!
0-1: Fly out, F9 (Flyball, 9, EV 84.4 MPH)
Batting: LHB Matt Urbanek 0-0: Foul Ball, location: 2F
0-1: Swinging Strike
0-2: Ball
1-2: Ball
2-2: Ground out 5-3 (Groundball, 56S, EV 80.0 MPH)
Batting: SHB Marco de Leon 0-0: Swinging Strike
0-1: Ground out 1-3 (Groundball, 15S, EV 71.9 MPH)
Top of the 1st over - 0 runs, 0 hits, 0 errors, 0 left on base; Philadelphia (APP) 0 - Chicago (APP) 0
BOTTOM OF THE 1ST
Chicago (APP) Cubs batting - Pitching for Philadelphia (APP) Phillies : LHP Chad Mroczkowski
Pitching: LHP Chad Mroczkowski
Batting: RHB Randy Schmitt 0-0: Called Strike
0-1: Swinging Strike
0-2: Ball
1-2: Fly out, F9 (Flyball, 9LD, EV 86.9 MPH)
Batting: RHB Jose Sanchez 0-0: Called Strike
0-1: Ball
1-1: Ground out 1-3 (Groundball, 13S, EV 69.4 MPH)
Batting: RHB Eddy Marcos 0-0: Ball
1-0: Swinging Strike
1-1: Ball
2-1: Fly out, F4 (Popup, 34S, EV 73.8 MPH)
Bottom of the 1st over - 0 runs, 0 hits, 0 errors, 0 left on base; Philadelphia (APP) 0 - Chicago (APP) 0
TOP OF THE 2ND
Philadelphia (APP) Phillies batting - Pitching for Chicago (APP) Cubs : RHP Anastagio Fasola
Batting: RHB Mike Bell 0-0: Ball
1-0: Fly out, F5 (Line Drive, 5, EV 71.9 MPH)
Batting: RHB Danny Habermehl 0-0: Ball
1-0: Ball
2-0: Ball
3-0: Base on Balls
Batting: RHB Gary Sampson 0-0: Ball
1-0: Fielders Choice at 2nd, 4-6 (Groundball, 4, EV 106.9 MPH)
Batting: RHB Juan Valadez 0-0: Ball
Wild Pitch!
Gary Sampson to second
1-0: Called Strike
1-1: 2-RUN HOME RUN (Flyball, 78XD, EV 112.5 MPH), Distance : 446 ft
Batting: RHB Allen Deschamps 0-0: Fly out, F8 (Flyball, 89D, EV 95.6 MPH)
Top of the 2nd over - 2 runs, 1 hit, 0 errors, 0 left on base; Philadelphia (APP) 2 - Chicago (APP) 0
BOTTOM OF THE 2ND
Chicago (APP) Cubs batting - Pitching for Philadelphia (APP) Phillies : LHP Chad Mroczkowski
Batting: RHB Jake Newman 0-0: SINGLE (Groundball, 2R, EV 65.6 MPH) (infield hit)
Batting: RHB Carlos Zavala 0-0: Foul Ball, location: 2F
0-1: Foul Ball, location: 2F
0-2: Strikes out looking
Batting: RHB Dustin Buckner 0-0: Foul Ball, location: 2F
0-1: Ball
1-1: Foul Ball, location: 2F
1-2: Ball
2-2: SINGLE (Groundball, 56D, EV 103.8 MPH)
Jake Newman to second
Batting: RHB Dwight Bean 0-0: Ball
1-0: Fielders Choice at 2nd, 5-4 (Groundball, 56, EV 106.9 MPH)
Jake Newman to third
Batting: RHB Josh MacQueen 0-0: Ball
1-0: Fielders Choice at 2nd, U4 (Groundball, 4M, EV 87.5 MPH)
Bottom of the 2nd over - 0 runs, 2 hits, 0 errors, 2 left on base; Philadelphia (APP) 2 - Chicago (APP) 0
TOP OF THE 3RD
Philadelphia (APP) Phillies batting - Pitching for Chicago (APP) Cubs : RHP Anastagio Fasola
Batting: RHB Corey Harris 0-0: Ball
1-0: Foul Ball, location: 2F
1-1: Foul Ball, location: 2F
1-2: Ball
2-2: Ball
3-2: Base on Balls
Batting: LHB Jonathan Roman 0-0: Ball
1-0: Ball
2-0: Ball
3-0: Base on Balls
Corey Harris to second
Batting: LHB Matt Urbanek 0-0: Ball
1-0: Ball
2-0: Called Strike
2-1: Ball
3-1: Called Strike
3-2: SINGLE (Groundball, 5D, EV 98.1 MPH)
Corey Harris to third
Jonathan Roman to second
Batting: SHB Marco de Leon 0-0: Foul Ball, location: 2F
0-1: Ball
1-1: Called Strike
1-2: Foul Ball, location: 2F
1-2: Ball
2-2: Ball
3-2: Foul Ball, location: 2F
3-2: Foul Ball, location: 2F
3-2: Fly out, F9 (Line Drive, 9, EV 92.5 MPH)
Runner from 3rd tags up, OUT at HOME! 9-2
Jonathan Roman to third
Matt Urbanek to second
Batting: RHB Mike Bell 0-0: Called Strike
0-1: Swinging Strike
0-2: Ball
1-2: Strikes out swinging
Top of the 3rd over - 0 runs, 1 hit, 0 errors, 2 left on base; Philadelphia (APP) 2 - Chicago (APP) 0
BOTTOM OF THE 3RD
Chicago (APP) Cubs batting - Pitching for Philadelphia (APP) Phillies : LHP Chad Mroczkowski
Batting: LHB Ryan Masterson 0-0: Ground out 4-3 (Groundball, 4, EV 102.5 MPH)
Batting: RHB Randy Schmitt 0-0: Called Strike
0-1: Ball
1-1: Called Strike
1-2: Ball
2-2: Strikes out looking
Batting: RHB Jose Sanchez 0-0: Foul Ball, location: 2F
0-1: Fly out, F4 (Popup, 4S, EV 73.1 MPH)
Bottom of the 3rd over - 0 runs, 0 hits, 0 errors, 0 left on base; Philadelphia (APP) 2 - Chicago (APP) 0
TOP OF THE 4TH
Philadelphia (APP) Phillies batting - Pitching for Chicago (APP) Cubs : RHP Anastagio Fasola
Batting: RHB Danny Habermehl 0-0: Called Strike
0-1: Ball
1-1: Ball
2-1: Foul Ball, location: 2F
2-2: Foul Ball, location: 2F
2-2: Ball
3-2: Foul Ball, location: 2F
3-2: Foul Ball, location: 2F
3-2: Foul Ball, location: 2F
3-2: Base on Balls
Batting: RHB Gary Sampson 0-0: Called Strike
0-1: Ball
1-1: Ball
2-1: Foul Ball, location: 2F
2-2: Grounds into double play, 4-6-3 (Groundball, 4, EV 102.5 MPH)
Batting: RHB Juan Valadez 0-0: Swinging Strike
0-1: Ball
1-1: Foul Ball, location: 2F
1-2: Ball
2-2: Fly out, F7 (Flyball, 7S, EV 83.1 MPH)
Top of the 4th over - 0 runs, 0 hits, 0 errors, 0 left on base; Philadelphia (APP) 2 - Chicago (APP) 0
BOTTOM OF THE 4TH
Chicago (APP) Cubs batting - Pitching for Philadelphia (APP) Phillies : LHP Chad Mroczkowski
Batting: RHB Eddy Marcos 0-0: Fly out, F9 (Flyball, 9D, EV 85.6 MPH)
Batting: RHB Jake Newman 0-0: Ground out 3-1 (Groundball, 34, EV 102.5 MPH)
Batting: RHB Carlos Zavala 0-0: Foul Ball, location: 2F
0-1: Foul Ball, location: 2F
0-2: Foul Ball, location: 2F
0-2: Ball
1-2: SINGLE (Line Drive, 6M, EV 103.8 MPH)
Batting: RHB Dustin Buckner 0-0: Ball
Wild Pitch!
Carlos Zavala to second
1-0: Foul Ball, location: 2F
1-1: Ground out 5-3 (Groundball, 56S, EV 81.9 MPH)
Bottom of the 4th over - 0 runs, 1 hit, 0 errors, 1 left on base; Philadelphia (APP) 2 - Chicago (APP) 0
TOP OF THE 5TH
Philadelphia (APP) Phillies batting - Pitching for Chicago (APP) Cubs : RHP Anastagio Fasola
Batting: RHB Allen Deschamps 0-0: Fly out, F9 (Line Drive, 9, EV 93.1 MPH)
Batting: RHB Corey Harris 0-0: Reached on error, E5 (Groundball, 5L, EV 97.5 MPH)
Batting: LHB Jonathan Roman 0-0: Ball
1-0: Called Strike
1-1: Fielders Choice at 2nd, 3-6 (Groundball, 34, EV 83.1 MPH)
Batting: LHB Matt Urbanek 0-0: Ball
1-0: Ball
2-0: Swinging Strike
2-1: TRIPLE (Flyball, 89XD, EV 93.1 MPH)
Jonathan Roman scores
Batting: SHB Marco de Leon 0-0: Ball
1-0: Called Strike
1-1: Foul Ball, location: 2F
1-2: Ball
2-2: Foul Ball, location: 2F
2-2: Ball
3-2: Base on Balls
Batting: RHB Mike Bell 0-0: Ball
1-0: Ball
2-0: Ball
3-0: Called Strike
3-1: Base on Balls
Marco de Leon to second
Batting: RHB Danny Habermehl 0-0: Called Strike
0-1: Reached on error, E5 (Groundball, 56, EV 106.9 MPH)
Matt Urbanek scores
Marco de Leon to third
Mike Bell to second
Batting: RHB Gary Sampson 0-0: Called Strike
0-1: Called Strike
0-2: Strikes out looking
Top of the 5th over - 2 runs, 1 hit, 2 errors, 3 left on base; Philadelphia (APP) 4 - Chicago (APP) 0
BOTTOM OF THE 5TH
Chicago (APP) Cubs batting - Pitching for Philadelphia (APP) Phillies : LHP Chad Mroczkowski
Batting: RHB Dwight Bean 0-0: Fly out, F7 (Flyball, 78D, EV 87.5 MPH)
Batting: RHB Josh MacQueen 0-0: Ball
1-0: Ground out 6-3 (Groundball, 6D, EV 88.1 MPH)
Batting: LHB Ryan Masterson 0-0: Called Strike
0-1: Ball
1-1: Ball
2-1: Ball
3-1: Called Strike
3-2: Strikes out looking
Bottom of the 5th over - 0 runs, 0 hits, 0 errors, 0 left on base; Philadelphia (APP) 4 - Chicago (APP) 0
TOP OF THE 6TH
Philadelphia (APP) Phillies batting - Pitching for Chicago (APP) Cubs : RHP Anastagio Fasola
Batting: RHB Juan Valadez 0-0: Ball
1-0: Ball
2-0: Foul Ball, location: 2F
2-1: Called Strike
2-2: Ball
3-2: Base on Balls
Pitching: LHP Eddie Panagos
Batting: RHB Allen Deschamps 0-0: Called Strike
0-1: Fly out, F7 (Flyball, 7, EV 91.9 MPH)
Batting: RHB Corey Harris 0-0: Reached on error, E5 (Groundball, 56S, EV 65.0 MPH)
Juan Valadez to third
Batting: LHB Jonathan Roman 0-0: Called Strike
0-1: Ball
1-1: Foul Ball, location: 2F
1-2: Foul Ball, location: 2F
1-2: Foul Ball, location: 2F
1-2: Strikes out looking
Batting: LHB Matt Urbanek 0-0: Ground out 6-3 (Groundball, 6, EV 81.2 MPH)
Top of the 6th over - 0 runs, 0 hits, 1 error, 2 left on base; Philadelphia (APP) 4 - Chicago (APP) 0
BOTTOM OF THE 6TH
Chicago (APP) Cubs batting - Pitching for Philadelphia (APP) Phillies : LHP Chad Mroczkowski
Batting: RHB Randy Schmitt 0-0: Called Strike
0-1: Ball
1-1: Ball
2-1: Ball
3-1: Called Strike
3-2: Ground out 6-3 (Groundball, 6, EV 103.8 MPH)
Batting: RHB Jose Sanchez 0-0: Ball
1-0: Called Strike
1-1: Ball
2-1: Ball
3-1: Base on Balls
Batting: RHB Eddy Marcos 0-0: Grounds into double play, 6-4-3 (Groundball, 6, EV 102.5 MPH)
Bottom of the 6th over - 0 runs, 0 hits, 0 errors, 0 left on base; Philadelphia (APP) 4 - Chicago (APP) 0
TOP OF THE 7TH
Philadelphia (APP) Phillies batting - Pitching for Chicago (APP) Cubs : LHP Eddie Panagos
Batting: SHB Marco de Leon 0-0: Ball
1-0: Ball
2-0: DOUBLE (Groundball, 5L, EV 102.5 MPH)
Batting: RHB Mike Bell 0-0: Foul Ball, location: 2F
0-1: Ball
1-1: Ball
2-1: Foul Ball, location: 2F
2-2: Ball
3-2: Base on Balls
Pitching: RHP Rob Craft
Batting: RHB Danny Habermehl 0-0: Fly out, F9 (Flyball, 89D, EV 81.9 MPH)
Runner from 2nd tags up, SAFE at 3rd, no throw by RF
Batting: RHB Gary Sampson 0-0: Ball
1-0: Ball
2-0: Called Strike
2-1: 3-RUN HOME RUN (Line Drive, 7D, EV 99.4 MPH), Distance : 391 ft
Batting: RHB Juan Valadez 0-0: Ground out 6-3 (Groundball, 6, EV 87.5 MPH)
Batting: RHB Allen Deschamps 0-0: Called Strike
0-1: Ball
1-1: Called Strike
1-2: Ball
2-2: Foul Ball, location: 2F
2-2: DOUBLE (Line Drive, 78XD, EV 99.4 MPH)
Batting: RHB Corey Harris 0-0: Called Strike
0-1: Fly out, F4 (Line Drive, 4, EV 65.6 MPH)
Top of the 7th over - 3 runs, 3 hits, 0 errors, 1 left on base; Philadelphia (APP) 7 - Chicago (APP) 0
BOTTOM OF THE 7TH
Chicago (APP) Cubs batting - Pitching for Philadelphia (APP) Phillies : LHP Chad Mroczkowski
Batting: RHB Jake Newman 0-0: Called Strike
0-1: Ball
1-1: Fly out, F2 (Popup, 2LF, EV 93.1 MPH)
Batting: RHB Carlos Zavala 0-0: Ball
1-0: Foul Ball, location: 2F
1-1: Called Strike
1-2: Fly out, F8 (Flyball, 8RD, EV 93.8 MPH)
Batting: RHB Dustin Buckner 0-0: Foul Ball, location: 2F
0-1: Swinging Strike
0-2: Ball
1-2: Strikes out swinging
Bottom of the 7th over - 0 runs, 0 hits, 0 errors, 0 left on base; Philadelphia (APP) 7 - Chicago (APP) 0
TOP OF THE 8TH
Philadelphia (APP) Phillies batting - Pitching for Chicago (APP) Cubs : RHP Rob Craft
Batting: LHB Jonathan Roman 0-0: Swinging Strike
0-1: Called Strike
0-2: Strikes out swinging
Batting: LHB Matt Urbanek 0-0: Called Strike
0-1: Foul Ball, location: 2F
0-2: Ball
1-2: DOUBLE (Line Drive, 89D, EV 105.0 MPH)
Batting: SHB Marco de Leon 0-0: Foul Ball, location: 2F
0-1: Foul Ball, location: 2F
0-2: Ball
1-2: TRIPLE (Flyball, 8RXD, EV 99.4 MPH)
Matt Urbanek scores
Batting: RHB Mike Bell 0-0: Ball
1-0: Ball
2-0: SINGLE (Line Drive, 8RS, EV 85.6 MPH)
Marco de Leon scores
Batting: RHB Danny Habermehl 0-0: Ball
1-0: SINGLE (Groundball, 56D, EV 103.8 MPH)
Mike Bell to second
Batting: RHB Gary Sampson 0-0: Called Strike
0-1: Ball
1-1: Ball
2-1: Foul Ball, location: 2F
2-2: TRIPLE (Groundball, 3L, EV 107.5 MPH)
Mike Bell scores
Danny Habermehl scores
Batting: RHB Juan Valadez 0-0: Called Strike
0-1: Ball
1-1: Called Strike
1-2: Fly out, F8 (Flyball, 8RD, EV 86.2 MPH)
Runner from 3rd tags up, SCORES, no throw by CF
Batting: RHB Allen Deschamps 0-0: Called Strike
0-1: Ball
1-1: SOLO HOME RUN (Flyball, 7D, EV 98.1 MPH), Distance : 399 ft
Batting: RHB Corey Harris 0-0: Ball
1-0: Ball
2-0: Foul Ball, location: 2F
2-1: Foul Ball, location: 2F
2-2: Strikes out swinging
Top of the 8th over - 6 runs, 6 hits, 0 errors, 0 left on base; Philadelphia (APP) 13 - Chicago (APP) 0
BOTTOM OF THE 8TH
Chicago (APP) Cubs batting - Pitching for Philadelphia (APP) Phillies : LHP Chad Mroczkowski
Batting: RHB Dwight Bean 0-0: Foul Ball, location: 2F
0-1: Ball
1-1: Ball
2-1: Swinging Strike
2-2: Foul Ball, location: 2F
2-2: Strikes out swinging, 2-3 out at first.
Pitching: RHP Tony Ferreira
Batting: RHB Josh MacQueen 0-0: Called Strike
0-1: Ball
1-1: Ball
2-1: Foul Ball, location: 2F
2-2: Foul Ball, location: 2F
2-2: Ground out U3 (Groundball, 34S, EV 86.2 MPH)
Batting: LHB Ryan Masterson 0-0: Foul Ball, location: 2F
0-1: Foul Ball, location: 2F
0-2: Strikes out looking
Bottom of the 8th over - 0 runs, 0 hits, 0 errors, 0 left on base; Philadelphia (APP) 13 - Chicago (APP) 0
TOP OF THE 9TH
Philadelphia (APP) Phillies batting - Pitching for Chicago (APP) Cubs : RHP Rob Craft
Batting: LHB Jonathan Roman 0-0: Reached on error, E3 (Groundball, 34S, EV 81.9 MPH)
Batting: LHB Matt Urbanek 0-0: Ball
1-0: Foul Ball, location: 2F
1-1: Ball
2-1: Swinging Strike
2-2: Ball
3-2: Base on Balls
Jonathan Roman to second
Batting: SHB Marco de Leon 0-0: Foul Ball, location: 2F
0-1: Foul Ball, location: 2F
0-2: DOUBLE (Line Drive, 78D, EV 111.9 MPH)
Jonathan Roman scores
Matt Urbanek to third
Batting: RHB Mike Bell 0-0: SINGLE (Line Drive, 9S, EV 92.5 MPH)
Matt Urbanek scores
Marco de Leon to third
Runner from 3rd tries for Home, SAFE, throw by RF to home
Batting: RHB Danny Habermehl 0-0: Foul Ball, location: 2F
0-1: Reached on error, E6 (Groundball, 6, EV 88.8 MPH)
Mike Bell to second
Batting: RHB Gary Sampson 0-0: Ball
1-0: Ball
2-0: Ball
3-0: Base on Balls
Mike Bell to third
Danny Habermehl to second
Batting: RHB Juan Valadez 0-0: Foul Ball, location: 2F
0-1: Called Strike
0-2: Strikes out swinging
Batting: RHB Allen Deschamps 0-0: Swinging Strike
0-1: Ball
1-1: Called Strike
1-2: Ball
2-2: Ball
3-2: Foul Ball, location: 2F
3-2: Base on Balls
Mike Bell scores
Danny Habermehl to third
Gary Sampson to second
Pinch Hitting: LHB Emilio Ortez 0-0: SINGLE (Groundball, 3D, EV 99.4 MPH)
Danny Habermehl scores
Gary Sampson to third
Allen Deschamps to second
Runner from 3rd tries for Home, SAFE, throw by RF to home
Batting: LHB Jonathan Roman 0-0: Ball
1-0: Fly out, F9 (Flyball, 89D, EV 101.2 MPH)
Runner from 2nd tags up, SAFE at 3rd, no throw by RF
Batting: LHB Matt Urbanek 0-0: Called Strike
0-1: Foul Ball, location: 2F
0-2: Foul Ball, location: 2F
0-2: Foul Ball, location: 2F
0-2: Strikes out swinging
Top of the 9th over - 6 runs, 3 hits, 2 errors, 2 left on base; Philadelphia (APP) 19 - Chicago (APP) 0
BOTTOM OF THE 9TH
Chicago (APP) Cubs batting - Pitching for Philadelphia (APP) Phillies : RHP Tony Ferreira
Now at C: Eduardo Calderon
Batting: RHB Randy Schmitt 0-0: Ball
1-0: Ball
2-0: Swinging Strike
2-1: Foul Ball, location: 2F
2-2: Strikes out swinging
Batting: RHB Jose Sanchez 0-0: Ball
1-0: Called Strike
1-1: Ball
2-1: Called Strike
2-2: Fly out, F9 (Line Drive, 9D, EV 90.0 MPH)
Pitching: RHP Jonathan Beishline
Batting: RHB Eddy Marcos 0-0: Swinging Strike
0-1: Ball
1-1: Ball
2-1: Foul Ball, location: 2F
2-2: Strikes out swinging
Bottom of the 9th over - 0 runs, 0 hits, 0 errors, 0 left on base; Philadelphia (APP) 19 - Chicago (APP) 0
Wednesday, June 22nd , 2022 - OOTP Baseball 23.4 Build 64